 Adventure DCSS version bcrawl-1.19.2-6-g6a88ae04c9 (webtiles) character file.

Game seed: 5767732508354331785

3626 pasperui the Martial Artist (level 10, -3/83 HPs)
             Began as a Gnoll Reaver on Jan 5, 2020.
             Was a High Priest of Vehumet.
             Succumbed to a swamp dragon's poison gas
             ... on level 10 of the Dungeon.
             The game lasted 00:45:18 (11802 turns).

pasperui the Martial Artist (Gnoll Reaver)         Turns: 11802, Time: 00:45:18

Health: -3/83      AC: 11    Str: 17    XL:     10   Next: 11%
Magic:  0/31       EV: 18    Int: 17    God:    Vehumet [*****.]
Gold:   794        SH:  0    Dex: 15    Spells: 14/25 levels left
                                        Lives:  0   Deaths: 2

rFire    . . .     SeeInvis .   L - +2 flail (protect)
rCold    . . .     Gourm    .   (no shield)
rNeg     . . .     Faith    .   v - +2 robe {Archmagi}
rPois    .         Spirit   +   (no helmet)
rElec    .         Reflect  .   (no cloak)
rCorr    .         Harm     .   (no gloves)
MR       .....                  (no boots)
Stlth    +++.......             Q - amulet of guardian spirit
HPRegen  0.23/turn              N - ring of magical power
MPRegen  0.22/turn              S - +2 ring of strength

@: lethally poisoned (-3 -> -52), protection aura
A: distributed training, fangs 1, strong nose
a: Renounce Religion


You were on level 10 of the Dungeon.
You worshipped Vehumet.
Vehumet was extremely pleased with you.
You were not hungry.

You visited 2 branches of the dungeon, and saw 12 of its levels.

You collected 794 gold pieces.

Inventory:

Hand Weapons
 e - a +0 triple crossbow
 u - a +0 longbow
 y - the +1 longbow of Ydoguk {freeze, rN++ Str-4 Int+2 Stlth+}
   (You found it on level 10 of the Dungeon)

   It causes projectiles fired from it to freeze those they strike, causing
   extra injury to most foes and up to half again as much damage against
   particularly susceptible opponents.
   They can also slow down cold-blooded creatures.
   It affects your strength (-4).
   It affects your intelligence (+2).
   It greatly protects you from negative energy.
   It makes you more stealthy.
 G - a +0 dagger of venom
 L - a +2 flail of protection (weapon)
 Y - a +1 long sword of slicing
Missiles
 k - 1933 stones (quivered)
 o - 463 bolts
 r - 1355 arrows
 t - 105 poisoned needles
 H - 940 sling bullets
 T - 115 tomahawks
Armour
 a - +0 steam dragon scales
 g - a +2 chain mail of fire resistance
 h - a +0 leather armour of cold resistance
 l - a +2 robe of resistance
 p - a +0 leather armour
 v - a +2 robe of the Archmagi (worn)
 M - a +0 troll leather armour
 U - a +0 shield
 Z - a +1 chain mail of poison resistance
Jewellery
 m - an uncursed ring of resist corrosion
 q - a +2 ring of evasion
 D - an uncursed ring of ice
 N - a ring of magical power (left hand)
 Q - an amulet of guardian spirit (around neck)
 S - a +2 ring of strength (right hand)
Wands
 z - a wand of digging (6)
 F - a wand of polymorph (10)
 R - a wand of flame (46)
 V - a wand of scattershot (6)
Scrolls
 c - a scroll of acquirement {unknown}
 f - 2 scrolls of remove curse
 i - 2 scrolls of fear
 C - 3 scrolls of teleportation
 E - 2 scrolls of enchant armour
 I - a scroll of amnesia {unknown}
 O - a scroll of blinking {unknown}
 P - a scroll of magic mapping {unknown}
Potions
 b - a potion of haste
 j - 2 potions of curing
 n - a potion of flight
 w - a potion of lignification
 x - 2 potions of brilliance
 A - 2 potions of magic
 B - 2 potions of ambrosia
 J - a potion of experience
 K - 4 potions of might
 X - a potion of heal wounds {unknown}
Comestibles
 d - 18 rations {!d}


   Skills:
 + Level 9.2 Fighting
 + Level 6.4 Short Blades
 + Level 6.4 Long Blades
 + Level 6.4 Axes
 + Level 6.4 Maces & Flails
 + Level 6.4 Polearms
 + Level 6.4 Staves
 + Level 6.4 Slings
 + Level 6.4 Bows
 + Level 6.4 Crossbows
 + Level 6.4 Throwing
 + Level 6.4 Armour
 + Level 9.2 Dodging
 + Level 6.4 Stealth
 + Level 6.4 Shields
 + Level 9.2 Unarmed Combat
 + Level 8.2 Spellcasting
 + Level 5.3 Conjurations
 + Level 5.3 Hexes
 + Level 5.3 Charms
 + Level 5.3 Summonings
 + Level 5.3 Necromancy
 + Level 5.3 Translocations
 + Level 5.3 Transmutations
 + Level 5.3 Fire Magic
 + Level 5.3 Ice Magic
 + Level 5.3 Air Magic
 + Level 5.3 Earth Magic
 + Level 5.3 Poison Magic
 + Level 7.0 Invocations
 + Level 6.4 Evocations


You had 14 spell levels left.
You knew the following spells:

 Your Spells              Type           Power        Failure   Level  Hunger
a - Flame Tongue          Conj/Fire      #####        1%          1    None
b - Shock                 Conj/Air       #####        1%          1    None
c - Lightning Bolt        Conj/Air       #####.....   9%          5    #####..
d - Sticky Flame          Conj/Fire      #####...     3%          4    ###....

Your spell library contained the following spells:

 Spells                   Type           Power        Failure   Level  Hunger
 Iskenderun's Battlesphe  Conj/Chrm      #####...     9%          5    #####..


Dungeon Overview and Level Annotations

Branches:
Dungeon (11/12)            Temple (0/1) D:5            Lair (1/6) D:7
    Orc (0/1) D:8
 Vaults: D:11-12

Altars:
Makhleb
Vehumet
Xom
Beogh

Shops:
D:4 [   D:5 =

Annotations:
D:10 Psyche


Innate Abilities, Weirdness & Mutations

Your experience applies equally to all skills.
You have very sharp teeth.
Your uncanny sense of smell can sniff out nearby items.


Message History

Psyche is engulfed in poison gas.
Psyche is poisoned.
Psyche closely misses you.
The wyvern is engulfed in poison gas.
The wyvern is poisoned.
Psyche is engulfed in poison gas.
Psyche looks more poisoned.
Psyche misses you.
The orc is engulfed in poison gas.
The orc looks more poisoned.
The orc dies!
Unknown command.
You sock Psyche!
Psyche is almost dead.
You are engulfed in poison gas.
You are more poisoned.
* * * LOW HITPOINT WARNING * * *
x2 You feel very sick.
The swamp dragon changes into a shapeshifter!
Psyche is engulfed in poison gas.
Psyche looks more poisoned.
Psyche laughs secretively.
Psyche hits you but does no damage.
You blink.
Psyche is engulfed in poison gas.
Psyche looks more poisoned.
A big kobold comes into view.
You die...

................ ........
................##.......
...........(.....#..##...
.................#.##....
...........<.......#.....
...................#.....
.........##..............
..........##......##.....
........@.####....#......
....................#....
..☼../......$...>...#.##.
K##°#°............#......
##°p............#...... .
#°@###..........##..... ...
##l#.###....######.....
...J###°l○...#.....# #...>..
.#..K..J....°.○..##.)..###.......


You could see Psyche, a shapeshifter and a wyvern (wandering).

Vanquished Creatures
  A centaur warrior (D:8)
  2 ugly things
  A rime drake (Lair:1)
  A komodo dragon (D:7)
  2 trolls
  Grinder (D:4)
  A hornet (D:8)
  A polar bear (shapeshifter) (D:8)
  3 hippogriffs
  Prince Ribbit (D:6)
  Sigmund (D:2)
  2 spriggans
  2 wyverns
  4 yaks (D:11)
  A hungry ghost (D:10)
  3 steam dragons
  Edmund (D:5)
  An ice beast (D:5)
  9 orc warriors
  A black bear (D:6)
  A phantom (D:6)
  6 ogres
  A necrophage (D:6)
  A sky beast (D:8)
  6 centaurs
  2 big kobolds
  6 bullfrogs
  A gnoll sergeant (D:6)
  A scorpion (D:8)
  7 killer bees
  A troll skeleton (D:9)
  2 spriggan skeletons (D:9)
  2 howler monkeys
  5 crimson imps
  2 jellies
  2 hounds
  5 orc priests
  A bullfrog skeleton (D:7)
  5 centaur skeletons
  Ijyb (D:4)
  An iguana (D:6)
  7 worker ants
  8 orc wizards
  2 hound skeletons
  A worker ant zombie (D:6)
  A howler monkey zombie (D:5)
  11 gnolls
  3 river rats (D:3)
  13 adders
  2 shadow imps
  3 adder skeletons
  A worm (D:3)
  A dart slug (D:1)
  5 leopard geckos
  61 orcs
  4 ball pythons
  4 giant cockroaches
  3 goblins
  7 hobgoblins
  A jackal (D:5)
  4 quokkas
  A ball python skeleton (D:4)
  A bat (D:1)
  2 frilled lizards
  A jackal skeleton (D:5)
  20 kobolds
  5 rats
  A plant (D:7)
271 creatures vanquished.

Vanquished Creatures (others)
  An orc (D:10)
  A fungus (D:6)
2 creatures vanquished.

Grand Total: 273 creatures vanquished

Notes
Turn   | Place    | Note
-------+----------+-------------------------------------------
     0 | D:1      | pasperui the Gnoll Reaver began the quest for the Orb.
     0 | D:1      | Reached XP level 1. HP: 23/23 MP: 6/6
   265 | D:1      | Reached XP level 2. HP: 24/29 MP: 7/7
   774 | D:2      | Reached skill level 5 in Spellcasting
   774 | D:2      | Reached skill level 1 in Invocations
   774 | D:2      | Reached XP level 3. HP: 8/35 MP: 7/9
  1168 | D:2      | Reached * piety under Vehumet
  1168 | D:2      | Offered knowledge of Flame Tongue by Vehumet.
  1178 | D:2      | Learned a level 1 spell: Flame Tongue
  1189 | D:2      | Reached skill level 1 in Short Blades
  1189 | D:2      | Reached skill level 1 in Long Blades
  1189 | D:2      | Reached skill level 1 in Axes
  1189 | D:2      | Reached skill level 1 in Maces & Flails
  1189 | D:2      | Reached skill level 1 in Polearms
  1189 | D:2      | Reached skill level 1 in Staves
  1189 | D:2      | Reached skill level 1 in Slings
  1189 | D:2      | Reached skill level 1 in Bows
  1189 | D:2      | Reached skill level 1 in Crossbows
  1189 | D:2      | Reached skill level 1 in Throwing
  1189 | D:2      | Reached skill level 1 in Armour
  1189 | D:2      | Reached skill level 1 in Stealth
  1189 | D:2      | Reached skill level 1 in Shields
  1189 | D:2      | Reached skill level 1 in Evocations
  1360 | D:2      | Reached XP level 4. HP: 37/41 MP: 11/11
  1602 | D:2      | Noticed Sigmund
  1701 | D:2      | Killed Sigmund
  1701 | D:2      | Reached skill level 1 in Conjurations
  1701 | D:2      | Reached skill level 1 in Hexes
  1701 | D:2      | Reached skill level 1 in Charms
  1701 | D:2      | Reached skill level 1 in Summonings
  1701 | D:2      | Reached skill level 1 in Necromancy
  1701 | D:2      | Reached skill level 1 in Translocations
  1701 | D:2      | Reached skill level 1 in Transmutations
  1701 | D:2      | Reached skill level 1 in Fire Magic
  1701 | D:2      | Reached skill level 1 in Ice Magic
  1701 | D:2      | Reached skill level 1 in Air Magic
  1701 | D:2      | Reached skill level 1 in Earth Magic
  1701 | D:2      | Reached skill level 1 in Poison Magic
  1701 | D:2      | Reached XP level 5. HP: 34/47 MP: 0/12
  1886 | D:3      | Reached XP level 6. HP: 53/53 MP: 7/13
  2980 | D:4      | Reached ** piety under Vehumet
  2980 | D:4      | Offered knowledge of Shock by Vehumet.
  2980 | D:4      | Reached XP level 7. HP: 59/59 MP: 10/15
  3027 | D:4      | Learned a level 1 spell: Shock
  3259 | D:4      | Noticed Ijyb
  3277 | D:4      | Killed Ijyb
  3476 | D:4      | Found Tipog's Antique Armour Emporium.
  3572 | D:4      | Noticed Grinder
  3593 | D:4      | Killed Grinder
  4021 | D:5      | Entered Level 5 of the Dungeon
  4043 | D:5      | Found a staircase to the Ecumenical Temple.
  4100 | D:5      | Reached XP level 8. HP: 13/67 MP: 4/16
  4104 | D:5      | Noticed Edmund
  4365 | D:5      | Killed Edmund
  4561 | D:5      | Found Fotsusm's Jewellery Shoppe.
  4629 | D:5      | Offered knowledge of Conjure Flame by Vehumet.
  5090 | D:5      | Noticed a troll
  5093 | D:5      | Noticed a cane toad
  5093 | D:5      | a troll changed into a cane toad
  5094 | D:5      | Noticed a spriggan
  5094 | D:5      | a cane toad changed into a spriggan
  5100 | D:5      | Killed a spriggan
  5100 | D:5      | Reached *** piety under Vehumet
  5400 | D:6      | Reached XP level 9. HP: 67/72 MP: 11/18
  5835 | D:6      | Offered knowledge of Olgreb's Toxic Radiance by Vehumet.
  5890 | D:6      | Noticed Prince Ribbit
  5920 | D:6      | Killed Prince Ribbit
  6053 | D:6      | Found a burning altar of Makhleb.
  6762 | D:7      | Reached skill level 5 in Invocations
  6989 | D:7      | Found a shimmering altar of Xom.
  7134 | D:7      | Reached **** piety under Vehumet
  7164 | D:7      | Reached XP level 10. HP: 64/80 MP: 14/20
  7513 | D:7      | Found a staircase to the Lair.
  7622 | Lair:1   | Entered Level 1 of the Lair of Beasts
  7628 | Lair:1   | Reached skill level 5 in Short Blades
  7628 | Lair:1   | Reached skill level 5 in Long Blades
  7628 | Lair:1   | Reached skill level 5 in Axes
  7628 | Lair:1   | Reached skill level 5 in Maces & Flails
  7628 | Lair:1   | Reached skill level 5 in Polearms
  7628 | Lair:1   | Reached skill level 5 in Staves
  7628 | Lair:1   | Reached skill level 5 in Slings
  7628 | Lair:1   | Reached skill level 5 in Bows
  7628 | Lair:1   | Reached skill level 5 in Crossbows
  7628 | Lair:1   | Reached skill level 5 in Throwing
  7628 | Lair:1   | Reached skill level 5 in Armour
  7628 | Lair:1   | Reached skill level 5 in Stealth
  7628 | Lair:1   | Reached skill level 5 in Shields
  7628 | Lair:1   | Reached skill level 5 in Evocations
  7887 | D:8      | Found a staircase to the Orcish Mines.
  8465 | D:8      | Noticed a centaur warrior
  8475 | D:8      | Killed a centaur warrior
  8760 | D:8      | Found a radiant altar of Vehumet.
  9163 | D:9      | Found a roughly hewn altar of Beogh.
  9180 | D:9      | Reached XP level 11. HP: 21/87 MP: 2/22
  9182 | D:9      | Offered knowledge of Lightning Bolt by Vehumet.
 10451 | D:10     | Entered Level 10 of the Dungeon
 10530 | D:10     | Learned a level 5 spell: Lightning Bolt
 10629 | D:10     | Reached ***** piety under Vehumet
 10654 | D:10     | Reached skill level 5 in Conjurations
 10654 | D:10     | Reached skill level 5 in Hexes
 10654 | D:10     | Reached skill level 5 in Charms
 10654 | D:10     | Reached skill level 5 in Summonings
 10654 | D:10     | Reached skill level 5 in Necromancy
 10654 | D:10     | Reached skill level 5 in Translocations
 10654 | D:10     | Reached skill level 5 in Transmutations
 10654 | D:10     | Reached skill level 5 in Fire Magic
 10654 | D:10     | Reached skill level 5 in Ice Magic
 10654 | D:10     | Reached skill level 5 in Air Magic
 10654 | D:10     | Reached skill level 5 in Earth Magic
 10654 | D:10     | Reached skill level 5 in Poison Magic
 10683 | D:10     | Noticed a white ugly thing
 10687 | D:10     | Mangled by a white ugly thing
 10688 | D:10     | Reached XP level 10. HP: -7/83 MP: 0/30
 10694 | D:10     | Got an iridescent longbow
 10695 | D:10     | Identified the cursed +1 longbow of Ydoguk {freeze, rN++
                  | Str-4 Int+2 Stlth+} (You found it on level 10 of the
                  | Dungeon)
 10713 | D:10     | Noticed a harpy
 10716 | D:10     | Noticed a guardian serpent
 10716 | D:10     | a harpy changed into a guardian serpent
 10932 | D:11     | Offered knowledge of Sticky Flame by Vehumet.
 10941 | D:11     | Learned a level 4 spell: Sticky Flame
 11368 | D:11     | Noticed a purple ugly thing
 11383 | D:11     | Killed a purple ugly thing
 11707 | D:11     | Noticed a death knight
 11750 | D:10     | Noticed a green ugly thing
 11769 | D:10     | Slain by a white ugly thing
 11770 | D:10     | Reached XP level 9. HP: -2/76 MP: 0/30
 11771 | D:10     | Killed a white ugly thing
 11771 | D:10     | Reached XP level 10. HP: 83/83 MP: 22/22
 11775 | D:10     | Noticed Psyche
 11797 | D:10     | Noticed a swamp dragon
 11801 | D:10     | HP: 1/83 [poisoned by a swamp dragon (poison gas)]
 11801 | D:10     | a swamp dragon changed into a shapeshifter
 11802 | D:10     | Succumbed to a swamp dragon's poison gas

Skill      XL: |  1  2  3  4  5  6  7  8  9 10 11 |
---------------+----------------------------------+-----
Spellcasting   | 5 6 8 |  8.2
Invocations    | 1 2 3 4 5 7 |  7.0
Short Blades   | 1 2 3 4 5 6 |  6.4
Long Blades    | 1 2 3 4 5 6 |  6.4
Axes           | 1 2 3 4 5 6 |  6.4
Maces & Flails | 1 2 3 4 5 6 |  6.4
Polearms       | 1 2 3 4 5 6 |  6.4
Staves         | 1 2 3 4 5 6 |  6.4
Slings         | 1 2 3 4 5 6 |  6.4
Bows           | 1 2 3 4 5 6 |  6.4
Crossbows      | 1 2 3 4 5 6 |  6.4
Throwing       | 1 2 3 4 5 6 |  6.4
Armour         | 1 2 3 4 5 6 |  6.4
Stealth        | 1 2 3 4 5 6 |  6.4
Shields        | 1 2 3 4 5 6 |  6.4
Evocations     | 1 2 3 4 5 6 |  6.4
Conjurations   | 1 2 3 4 5 |  5.3
Hexes          | 1 2 3 4 5 |  5.3
Charms         | 1 2 3 4 5 |  5.3
Summonings     | 1 2 3 4 5 |  5.3
Necromancy     | 1 2 3 4 5 |  5.3
Translocations | 1 2 3 4 5 |  5.3
Transmutations | 1 2 3 4 5 |  5.3
Fire Magic     | 1 2 3 4 5 |  5.3
Ice Magic      | 1 2 3 4 5 |  5.3
Air Magic      | 1 2 3 4 5 |  5.3
Earth Magic    | 1 2 3 4 5 |  5.3
Poison Magic   | 1 2 3 4 5 |  5.3
Fighting       | 7 8 9 |  9.2
Dodging        | 7 8 9 |  9.2
Unarmed Combat | 7 8 9 |  9.2

Action                   |  1- 3 |  4- 6 |  7- 9 | 10-12 || total
-------------------------+-------+-------+-------+-------++-------
Melee: Unarmed           |    81 |    65 |     7 |       ||   153
       Bite              |     3 |     6 |    12 |    40 ||    61
       Punch             |     2 |       |     6 |    13 ||    21
       Flail             |       |       |   120 |   246 ||   366
 Fire: Hunting sling     |       |       |    19 |       ||    19
 Cast: Flame Tongue      |       |    57 |    65 |    57 ||   179
       Shock             |       |       |   130 |   132 ||   262
       Lightning Bolt    |       |       |       |     7 ||     7
       Sticky Flame      |       |       |       |     4 ||     4
Evoke: Wand              |       |       |     3 |       ||     3
  Use: Potion            |     1 |       |       |     6 ||     7
       Scroll            |       |       |     3 |    12 ||    15
 Stab: Sleeping          |     1 |       |     4 |     7 ||    12
  Eat: Chunk             |     1 |     5 |    11 |    11 ||    28
       Ration            |       |       |     1 |       ||     1
Armor: Steam dragon scal |     1 |       |       |       ||     1
       Leather armour    |     4 |       |       |       ||     4
       Robe              |     5 |     6 |    34 |    60 ||   105
       Skin              |       |       |       |    32 ||    32
Dodge: Dodged            |    51 |    67 |   199 |   336 ||   653
